 Dungeon Crawl Stone Soup version 0.27.1 (webtiles) character file.

Game seed: 12226344990184425538

147 Thatpatchoflichen the Chiller (level 5, 0/38 HPs)
             Began as a Barachi Ice Elementalist on Sept 4, 2021.
             Slain by a centaur zombie (2 damage)
             ... in an ossuary.
             The game lasted 00:12:39 (4825 turns).

Thatpatchoflichen the Chiller (BaIE)                Turns: 4825, Time: 00:12:40

Health: 0/38       AC:  4    Str:  9    XL:     5   Next: 29%
Magic:  6/9        EV: 12    Int: 17    God:
Gold:   120        SH:  0    Dex: 12    Spells: 0/10 levels left

rFire    . . .     SeeInvis .   l - +2 short sword (elec)
rCold    . . .     Faith    .   (no shield)
rNeg     . . .     Spirit   .   a - +0 robe
rPois    .         Reflect  .   s - +0 helmet
rElec    .         Harm     .   (no cloak)
rCorr    .         Rampage  .   (no gloves)
Will     .....                  t - +0 pair of boots
Stlth    ++........             (no amulet)
HPRegen  0.12/turn              (no ring)
MPRegen  0.11/turn              (no ring)

@: marked, very slightly contaminated, slow
A: amphibious, slowness 1, strong legs 1, +LOS
a: Hop


You were in an ossuary.
You visited 1 branch of the dungeon, and saw 5 of its levels.
You also visited: Ossuary.

You collected 120 gold pieces.

Inventory:

Hand Weapons
 l - a +2 short sword of electrocution (weapon)
Missiles
 k - 58 stones
 m - 30 sling bullets
 r - 5 poisoned darts
 u - 4 boomerangs
Armour
 a - a +0 robe (worn)
 e - a +0 ring mail
 f - a +0 chain mail
 s - a +0 helmet (worn)
 t - a +0 pair of boots (worn)
Scrolls
 b - 2 scrolls of enchant weapon {unknown}
 c - 2 scrolls of noise {unknown}
 d - a scroll of vulnerability {unknown}
 i - 2 scrolls of torment {unknown}
 j - a scroll of summoning {unknown}
 n - 2 scrolls of enchant armour {unknown}
 p - a scroll of identify {unknown}
Potions
 g - a potion of brilliance {unknown}
 h - a potion of resistance {unknown}
 o - a potion of degeneration {unknown}
 q - a potion of might {unknown}


   Skills:
 + Level 2.1 Fighting
 * Level 3.8 Armour
 - Level 3.0 Dodging
 - Level 1.7 Stealth
 - Level 3.0 Spellcasting
 + Level 0.2 Transmutations
 - Level 5.0 Ice Magic


You couldn't memorise any spells.
You knew the following spells:

 Your Spells              Type           Power      Damage    Failure   Level
a - Freeze                Ice            76%        1d9       2%          1
b - Frozen Ramparts       Ice            38%        1d5       7%          3
c - Ozocubu's Armour      Ice            19%        N/A       7%          3
d - Beastly Appendage     Tmut           6%         N/A       16%         1
e - Wereblood             Tmut           3%         N/A       24%         2

Your spell library contained the following spells:

 Spells                   Type           Power      Damage    Failure   Level
 Slow                     Hex            2%         N/A       26%         2
 Confusing Touch          Hex            2%         N/A       45%         3
 Ignite Poison            Fire/Tmut/Pois 2%         N/A       45%         3
 Mephitic Cloud           Conj/Pois/Air  2%         N/A       45%         3
 Spider Form              Tmut/Pois      1%         N/A       45%         3
 Hailstorm                Conj/Ice       11%        3d5       52%         4
 Bolt of Magma            Conj/Fire/Erth 1%         4d4       99%         5
 Yara's Violent Unravell  Hex/Tmut       1%         3d3       99%         5


Dungeon Overview and Level Annotations

Branches:
Dungeon (6/15)            Ossuary (1/1)
 Temple: D:4-7

Altars:


Innate Abilities, Weirdness & Mutations

You are amphibious.
You cover ground slowly.
You can hop short distances.
You have an extended range of vision and can be seen from far away.


Message History

The centaur zombie kicks you but does no damage.
A human zombie comes into view.
The centaur zombie hits you.
* * * LOW HITPOINT WARNING * * *
The centaur zombie kicks you but does no damage.
Casting: Ozocubu's Armour (dangerous; 7% risk of failure)
Confirm with . or Enter, or press ? or * to list all spells.
You miscast Ozocubu's Armour.
You are very lightly contaminated with residual magic.
Nothing appears to happen.
The hobgoblin zombie hits you but does no damage.
The centaur zombie barely misses you. The centaur zombie closely misses you.
A hobgoblin zombie comes into view.
You hit the centaur zombie.
Lightning courses through the centaur zombie!
The centaur zombie is heavily damaged.
The centaur zombie hits you but does no damage.
The centaur zombie kicks you.
* * * LOW HITPOINT WARNING * * *
The hobgoblin zombie barely misses you.
You hit the centaur zombie.
The centaur zombie is heavily damaged.
The centaur zombie hits you.
* * * LOW HITPOINT WARNING * * *
The centaur zombie kicks you but does no damage.
The hobgoblin zombie hits you but does no damage.
The centaur zombie closely misses you.
The centaur zombie kicks you but does no damage.
You hit the centaur zombie.
The centaur zombie is severely damaged.
The jackal zombie barely misses you.
The centaur zombie hits you but does no damage.
The centaur zombie kicks you.
* * * LOW HITPOINT WARNING * * *
The hobgoblin zombie hits you but does no damage.
The jackal zombie closely misses you.
You hit the centaur zombie.
The centaur zombie is severely damaged.
The centaur zombie hits you.
You die...

#........8..8.......
#..Z...ZZZ..........
#...######Z.######..
#..Z# #.^# #.. #..M#
#.^# #.. #...# #.^#
#.. #.ZZ# ...Z. #..
#.ZZ# ....### #..
#ZZ@# .....# #..
#...# ......# #..
#...#.....∩.# #..
#...####+.... #..
#...# #...# #..
#...# #..
#...##############..
#...................
#.........∩∩........


You could see a mummy, a rat zombie, a jackal zombie, 2 hobgoblin zombies, an
orc zombie, a centaur zombie and 2 human zombies.

Vanquished Creatures
  3 gnolls
  4 adders
  A worm (D:2)
  3 dart slugs
  3 bats
  6 endoplasms
  A giant cockroach (D:1)
  8 goblins
  7 hobgoblins
  2 quokkas
  4 ball pythons
  5 frilled lizards
  A goblin zombie (Ossuary)
  8 hobgoblin zombies (Ossuary)
  A jackal zombie (Ossuary)
  7 kobolds
  6 kobold zombies (Ossuary)
  6 orc zombies (Ossuary)
  6 rats
82 creatures vanquished.

Vanquished Creatures (others)
  A fungus (D:6)
  11 plants (D:5)
12 creatures vanquished.

Grand Total: 94 creatures vanquished

Notes
Turn   | Place    | Note
-------+----------+-------------------------------------------
     0 | D:1      | Thatpatchoflichen the Barachi Ice Elementalist began the
                  | quest for the Orb.
     0 | D:1      | Reached XP level 1. HP: 13/13 MP: 3/3
   401 | D:1      | Reached XP level 2. HP: 15/20 MP: 1/5
   886 | D:1      | Reached skill level 1 in Fighting
   886 | D:1      | Reached skill level 1 in Armour
   886 | D:1      | Reached skill level 5 in Ice Magic
  1242 | D:1      | Reached XP level 3. HP: 26/26 MP: 2/6
  1314 | D:1      | Learned a level 3 spell: Frozen Ramparts
  1318 | D:1      | Learned a level 3 spell: Ozocubu's Armour
  2420 | D:2      | Reached XP level 4. HP: 27/33 MP: 6/8
  3946 | D:3      | Reached XP level 5. HP: 27/38 MP: 9/9
  4443 | D:3      | Found a faded altar of an unknown god.
  4462 | D:3      | You fall into a shaft and drop 3 floors!
  4497 | D:6      | Learned a level 1 spell: Beastly Appendage
  4500 | D:6      | Learned a level 2 spell: Wereblood
  4544 | D:5      | Entered Level 5 of the Dungeon
  4597 | D:5      | Found a sand-covered staircase.
  4605 | Ossuary  | Entered an ossuary
  4824 | Ossuary  | HP: 1/38 [centaur zombie (1)]
  4825 | Ossuary  | Slain by a centaur zombie

Illustrated notes

Levels and vault maps discovered:
D:1:      ncdulo_smallfort, layout_basic, minmay_misc_feat_rugged,
          hangedman_abyss_or_decor_lesser_grid, minmay_domino_2
D:2:      layout_loops_corners, chequers_serial_rivers_micro_e
D:3:      layout_rooms, chequers_ecumenical_altar_simple
D:5:      layout_rooms, fedhas_altar_2, lemuel_tele_altar,
          mainiacjoe_overflow_two_lobes, lemuel_temple_firewalk_b,
          enter_ossuary_4, minmay_lizard_king, uniq_menkaure
D:6:      layout_basic, mainiacjoe_overflow_big_doors,
          biasface_ghost_orc_armoury, nrook_pool_corridor,
          minmay_gold_behind_fungi
Ossuary:  ossuary_tomb_1

Skill      XL: |  1  2  3  4 |
---------------+-------------+-----
Fighting       | 1 2 |  2.1
Armour         | 1 2 3 |  3.8
Ice Magic      | 5 |  5.0
Dodging        | 3 |  3.0
Spellcasting   | 3 |  3.0
Stealth        | |  1.7
Transmutations | |  0.2

Action                   |  1- 3 |  4- 6 || total
-------------------------+-------+-------++-------
Melee: Club              |    31 |       ||    31
       Short sword       |    15 |   133 ||   148
       Dagger            |     6 |       ||     6
 Cast: Freeze            |    36 |     8 ||    44
       Ozocubu's Armour  |       |     2 ||     2
       Frozen Ramparts   |       |     1 ||     1
Armor: Robe              |     3 |    41 ||    44
       Ring mail         |    24 |    38 ||    62
Dodge: Dodged            |    56 |    98 ||   154
